 Dungeon Crawl Stone Soup version 0.23-a0-181-g24f899a (webtiles) character file.

51 Inarius the Skirmisher (level 3, 0/30 HPs)
             Began as a Mummy Fighter on Sept 19, 2018.
             Slain by an adder (4 damage)
             ... on level 2 of the Dungeon.
             The game lasted 00:01:24 (954 turns).

Inarius the Skirmisher (Mummy Fighter)               Turns: 954, Time: 00:01:26

Health: 0/30       AC:  6    Str: 20    XL:     3   Next: 58%
Magic:  3/3        EV:  7    Int:  7    God:
Gold:   69         SH: 10    Dex: 11    Spells: 2/2 levels left

rFire    x . .     SeeInvis .   a - +0 flail
rCold    + . .     Gourm    .   c - +1 shield
rNeg     + + +     Faith    .   b - +0 scale mail
rPois    ∞         Spirit   .   (no helmet)
rElec    .         Reflect  .   (no cloak)
rCorr    .         Harm     .   (no gloves)
MR       .....                  (no boots)
Stlth    ..........             (no amulet)
HPRegen  0.10/turn              (no ring)
MPRegen  0.08/turn              (no ring)

@: no status effects
A: no food or potions, fire vulnerability, cold resistance 1, negative energy
resistance 3, torment resistance, unbreathing
a: no special abilities


You were on level 2 of the Dungeon.
You were not hungry.

You visited 1 branch of the dungeon, and saw 2 of its levels.

You collected 69 gold pieces.

Inventory:

Hand Weapons
 a - a +0 flail (weapon)
 e - a +1 short sword of flaming
Armour
 b - a +0 scale mail (worn)
 c - a +1 shield (worn)
Scrolls
 d - a scroll of remove curse
 g - 2 scrolls of identify {unknown}


   Skills:
 * Level 3.8 Fighting
 - Level 1.5 Maces & Flails
 + Level 2.8 Armour
 + Level 2.8 Shields


You had 2 spell levels left.
You didn't know any spells.
Your spell library was empty.

Dungeon Overview and Level Annotations

Branches:
Dungeon (2/15)

Altars:


Innate Abilities, Weirdness & Mutations

You do not eat or drink.
Your flesh is vulnerable to fire.
You are immune to poison.
Your flesh is cold resistant. (rC+)
You are immune to negative energy. (rN+++)
You are immune to unholy pain and torment.
You can survive without breathing.


Message History

A leopard gecko comes into view.
The quokka bites you.
The leopard gecko hisses angrily.
You sock the jackal!
You kill the jackal!
The quokka bites you but does no damage.
The adder bites you.
The leopard gecko hisses menacingly.
You closely miss the adder.
The adder is lightly wounded.
The adder closely misses you. The quokka bites you.
* * * LOW HITPOINT WARNING * * *
The adder bites you.
* * * LOW HITPOINT WARNING * * *
The quokka barely misses you.
You miss the quokka. The adder bites you but does no damage.
The quokka bites you.
* * * LOW HITPOINT WARNING * * *
The adder bites you.
You die...

.......#..# ......#..###
.......... # .......#
#.###......# ###.#........#
#######.......#.#..####
######...(.#####.#...#.....###
...........l.S@r....>.<.......
###....###'#####.###....######
#.... #.....##.# ####..# #....
#...).+..# ..# ......
#.....#### .).# .......
#.....# ...# ....... #.....#
+#.. ....... #.....# ..#
#######


You could see an adder, a leopard gecko and a quokka.

Vanquished Creatures
  An adder (D:2)
  5 dart slugs (D:1)
  2 giant cockroaches (D:1)
  3 goblins (D:1)
  4 hobgoblins (D:1)
  4 jackals
  6 kobolds
  A frilled lizard (D:1)
  5 rats (D:1)
31 creatures vanquished.

Notes
Turn   | Place    | Note
-------+----------+-------------------------------------------
     0 | D:1      | Inarius the Mummy Fighter began the quest for the Orb.
     0 | D:1      | Reached XP level 1. HP: 18/18 MP: 1/1
    81 | D:1      | Reached XP level 2. HP: 22/24 MP: 2/2
   376 | D:1      | Reached XP level 3. HP: 21/29 MP: 3/3
   954 | D:2      | Slain by an adder

Vault maps used:
D:1:      evilmike_arrival_grusome_pit, serial_glass, glass_columns_b,
          glass_columns_a, serial_park_tiny_2
D:2:      yredelemnul_altar_generic, first_ration

Action                   || total
-------------------------++-------
Melee: Flail             ||   113
  Use: Scroll            ||     3
Armor: Scale mail        ||    54
Dodge: Dodged            ||    37
Block: Shield            ||    65

Table legend:
 A = Non-vault XP
 B = Vault XP
 C = Vault XP percentage of total XP
 D = Non-vault monster count
 E = Vault monster count
 F = Vault count percentage of total count
                 A         B        C        D         E       F
            +---------+---------+-------+---------+---------+-------
      Total |      74 |       0 |   0.0 |      31 |       0 |   0.0
            +---------+---------+-------+---------+---------+-------
        D:1 |      58 |       0 |   0.0 |      28 |       0 |   0.0
        D:2 |      16 |       0 |   0.0 |       3 |       0 |   0.0
            +---------+---------+-------+---------+---------+-------
